 Dungeon Crawl Stone Soup version 0.31-a0-986-g5e6e4ef867 (webtiles) character file.

Game seed: 15059616887035988370

231 sammy202020 the Changeling (level 6, -10/47 HPs)
             Began as a Merfolk Shapeshifter on Nov 14, 2023.
             Mangled by an ogre
             ... wielding a +0 giant club
              (25 damage)
             ... on level 4 of the Dungeon.
             The game lasted 00:03:26 (2964 turns).

sammy202020 the Changeling (Merfolk Shapeshifter)   Turns: 2964, Time: 00:03:27

Health: -10/47     AC:  5    Str: 17    XL:     6   Next: 4%
Magic:  6/6        EV: 12    Int:  9    God:
Gold:   172        SH:  5    Dex: 13    Spells: 5/5 levels left

rFire   . .          .
                       - Unarmed
rCold   . . .        (no shield)
rNeg    . . .        l - +0 ring mail
rPois   .            (helmet currently unavailable)
rElec   .            (cloak currently unavailable)
rCorr   .            (gloves currently unavailable)
SInv    +            (boots currently unavailable)
Will    .....        g - amulet of reflection
Stlth   +            j - ring of see invisible
HPRegen 0.27/turn    (no ring)
MPRegen 0.10/turn

%: reflection
@: beast-form
A: beast (slay +2), (nimble swimmer 2), mertail
a: Begin Untransformation


You were on level 4 of the Dungeon.
You were a hulking beast.
You visited 1 branch of the dungeon, and saw 4 of its levels.

You collected 172 gold pieces.

Inventory:

Armour
 a - a +0 animal skin
 f - a +0 helmet
 i - a +0 pair of gloves
 l - a +0 ring mail (worn)
Jewellery
 g - an amulet of reflection (around neck)
 j - a ring of see invisible (left hand)
 m - a ring of magical power
Talismans
 c - a beast talisman
 d - a flux talisman
Scrolls
 b - a scroll of fear
 e - a scroll of noise
 h - a scroll of amnesia
 k - 3 scrolls of identify


   Skills:
 * Level 3.1 Fighting
 + Level 1.2 Armour
 + Level 3.7 Dodging
 * Level 4.6 Unarmed Combat
 * Level 5.2 Shapeshifting


You had 5 spell levels left.
You didn't know any spells.
Your spell library contained the following spells:

 Spells                   Type           Power      Damage    Failure   Level
 Magic Dart               Conj           0%         1d3       58%         1
 Blink                    Tloc           0%         N/A       75%         2
 Searing Ray              Conj           0%         2d4       75%         2
 Fulminant Prism          Conj/Hex       0%         3d5       100%        4
 Manifold Assault         Tloc           0%         N/A       100%        4


Dungeon Overview and Level Annotations

Branches:
Dungeon (4/15)
 Temple: D:4-7

Altars:
The Shining One


Innate Abilities, Weirdness & Mutations

You are a hulking beast.
Your limbs bulge with bestial killing power. (Slay +2)
((You are very nimble when in or above water. (Stealth+, EV+, Speed+++)))
Your lower body shifts to a powerful aquatic tail in water.


Message History

You hit the ogre.
The ogre is lightly wounded.
The ogre hits you with a +0 giant club!!
You barely miss the ogre.
The ogre is lightly wounded.
The ogre closely misses you.
You punch the ogre!
The ogre is moderately wounded.
You hit the ogre.
The ogre is heavily wounded.
You hear the slow rusting of a distant drain.
The ogre hits you with a +0 giant club!
You are too injured to fight recklessly!
You are too injured to fight recklessly!
You are too injured to fight recklessly!
You are too injured to fight recklessly!
You are too injured to fight recklessly!
You are too injured to fight recklessly!
You are too injured to fight recklessly!
You are too injured to fight recklessly!
You are too injured to fight recklessly!
You are too injured to fight recklessly!
You are too injured to fight recklessly!
You are too injured to fight recklessly!
You are too injured to fight recklessly!
You are too injured to fight recklessly!
You are too injured to fight recklessly!
You are too injured to fight recklessly!
You are too injured to fight recklessly!
You are too injured to fight recklessly!
You are too injured to fight recklessly!
You are too injured to fight recklessly!
You are too injured to fight recklessly!
You hit the ogre but do no damage. You punch the ogre!
The ogre is almost dead.
You barely miss the ogre.
The ogre is almost dead.
The ogre hits you with a +0 giant club!!
Ouch! That really hurt!
You die...

.#..?....##...#.#.# #
.........####.#.# #
.##......# #..#.# #
.........# #.##.# .#
#####...# #.##.##..#
#......# #..†.....##
#.:..#.######..#....#
#....#.)...†.....##.#
#...h#......#..#.##
#....#O#......+......
#....#.#......#..#.###
......#.###.......#.#
......#.# #.#.##..# #
.#### #.....#.....#
.#########..# . .# #


You could see an ogre.

Vanquished Creatures
  A kobold brigand (D:3)
  8 adders
  4 worms (D:2)
  A dart slug (D:3)
  6 orcs (D:3)
  5 ball pythons
  5 bats
  7 endoplasms
  3 giant cockroaches
  11 goblins
  2 hobgoblins
  8 kobolds
  2 quokkas (D:1)
  2 frilled lizards (D:2)
  3 rats
68 creatures vanquished.

Notes
Turn   | Place    | Note
-------+----------+-------------------------------------------
     0 | D:1      | sammy202020 the Merfolk Shapeshifter began the quest for
                  | the Orb.
     0 | D:1      | Reached XP level 1. HP: 15/15 MP: 1/1
    92 | D:1      | Reached XP level 2. HP: 8/21 MP: 2/2
   504 | D:1      | Reached XP level 3. HP: 27/27 MP: 3/3
   916 | D:2      | Found a glowing golden altar of the Shining One.
   924 | D:2      | Reached XP level 4. HP: 25/33 MP: 4/4
  1932 | D:3      | HP: 1/34 [poisoned by an adder]
  1933 | D:3      | Reached skill level 1 in Armour
  1933 | D:3      | Reached XP level 5. HP: 1/39 MP: 5/5
  2098 | D:3      | Found a faded altar of an unknown god.
  2291 | D:3      | Found the +7 Throatcutter {drain, coup de grace}
  2291 | D:3      | Noticed a kobold brigand
  2311 | D:3      | Killed a kobold brigand
  2312 | D:3      | Reached skill level 5 in Shapeshifting
  2931 | D:4      | Reached XP level 6. HP: 47/47 MP: 6/6
  2964 | D:4      | Mangled by an ogre

Illustrated notes

Levels and vault maps discovered:
D:1:      scummos_arrival_gate, layout_basic
D:2:      layout_basic, basic_altar, minmay_pentomino_x4
D:3:      minmay_wonky_spiral, layout_rooms, basic_ecumenical_altar,
          grunt_decor_clamped, dilly_guarded_unrand_throatcut
D:4:      layout_basic, portal_sewer_entry_d

Skill      XL: |  1  2  3  4  5 |
---------------+----------------+-----
Dodging        | 3 |  3.7
Fighting       | 2 3 |  3.1
Unarmed Combat | 4 |  4.6
Armour         | 1 |  1.2
Shapeshifting  | 5 |  5.2

Action                     |  1- 3 |  4- 6 || total
---------------------------+-------+-------++-------
  Melee: Unarmed           |    79 |   133 ||   212
         Punch             |       |     2 ||     2
    Use: Scroll            |     4 |     4 ||     8
         Potion            |       |     3 ||     3
   Stab: Sleeping          |     1 |       ||     1
         Distracted        |     1 |       ||     1
 Armour: Animal skin       |    28 |       ||    28
         Leather armour    |     6 |     9 ||    15
         Ring mail         |       |    63 ||    63
         Skin              |       |    10 ||    10
  Dodge: Dodged            |    38 |    48 ||    86
  Block: Other             |     8 |    27 ||    35

Table legend: (Time is in decaauts)
 A = Elapsed time spent in this place.
 B = Non-inter-level travel time spent in this place.
 C = Inter-level travel time spent in this place.
 D = Time resting spent in this place.
 E = Time spent auto-exploring this place.
 F = Levels seen in this place.
 G = Mean time per level.
                   A        B        C        D        E       F      G
               +--------+--------+--------+--------+--------+-----+--------+
         Total |   2947 |   2926 |     21 |    527 |   1834 |   4 |  736.8 |
       Dungeon |   2947 |   2926 |     21 |    527 |   1834 |   4 |  736.8 |
               +--------+--------+--------+--------+--------+-----+--------+

Top non-repeatable levels by time:
     D:3: 1245 daAuts
     D:2: 928 daAuts
     D:1: 721 daAuts
     D:4: 51 daAuts
